 Dungeon Crawl Stone Soup version 0.22-a0-422-g9628fc87f1 (webtiles) character file.

94 blubbertyp the Insei (level 4, -3/28 HPs)
             Began as an Octopode Transmuter on May 19, 2018.
             Slain by a worm (11 damage)
             ... on level 2 of the Dungeon.
             The game lasted 00:02:56 (1904 turns).

blubbertyp the Insei (Octopode Transmuter)          Turns: 1904, Time: 00:02:57

Health: -3/28      AC:  2    Str:  9    XL:     4   Next: 63%
Magic:  3/7        EV: 19    Int: 16    God:
Gold:   35         SH:  0    Dex: 17    Spells: 1/7 levels left

rFire    . . .     SeeInvis .     - Unarmed
rCold    . . .     Gourm    .   (shield currently unavailable)
rNeg     . . .     Faith    .   (helmet currently unavailable)
rPois    x         Spirit   .   (no amulet)
rElec    .         Reflect  .   (no ring)
rCorr    .         Harm     .   (no ring)
MR       .....                  (no ring)
Stlth    ++........             (no ring)
HPRegen  0.09/turn              (no ring)
MPRegen  0.10/turn              (no ring)
                                (no ring)
                                (no ring)

@: spider-form
A: tiny, almost no armour, stealthy swim, (amphibious), 8 rings, (constrict 8)
a: End Transformation


You were on level 2 of the Dungeon.
You were hungry.
You were a venomous arachnid creature.
You visited 1 branch of the dungeon, and saw 2 of its levels.

You collected 35 gold pieces.

Inventory:

Hand Weapons
 n - a +0 hunting sling
Missiles
 a - 20 arrows
 j - 71 stones (quivered)
 k - 13 sling bullets
Wands
 o - a wand of scattershot (3)
Scrolls
 b - 4 scrolls of identify {unknown}
 d - 2 scrolls of magic mapping {unknown}
 f - a scroll of remove curse {unknown}
 g - 2 scrolls of enchant weapon {unknown}
Potions
 e - 2 potions of degeneration {unknown}
 h - a potion of haste {unknown}
 i - a potion of agility {unknown}
 l - a potion of curing {unknown}
 m - a potion of resistance
Comestibles
 c - 3 rations


   Skills:
 - Level 1.0 Fighting
 - Level 2.0 Dodging
 + Level 5.2 Unarmed Combat
 - Level 2.0 Spellcasting
 - Level 2.0 Transmutations


You had one spell level left.
You knew the following spells:

 Your Spells              Type           Power        Failure   Level  Hunger
a - Beastly Appendage     Tmut           #.....       22%         1    #......
b - Sticks to Snakes      Tmut           #.......     32%         2    ###....
c - Spider Form           Tmut/Pois      #.........   61%         3    ###....

Your spell library contained the following spells:

 Spells                   Type           Power        Failure   Level  Hunger
 Blade Hands              Tmut           #.........   98%         5    ######.
 Ice Form                 Ice/Tmut       #.......     92%         4    #####..


Dungeon Overview and Level Annotations

Branches:
Dungeon (2/15)

Altars:


Innate Abilities, Weirdness & Mutations

You cannot wear most types of armour.
You are very stealthy in the water. (Stealth+)
((You are amphibious.))
You can wear up to eight rings at the same time.
((You can use your tentacles to constrict eight enemies at once.))
((Your skin changes colour to match your surroundings (Stealth+).))
((Your rubbery body absorbs attacks. (AC +1, EV +1)))


Message History

Your ball python loses its grip on the worm.
Your ball python withers and dies!
The worm misses you.
Casting: Sticks to Snakes (safe; 14% risk of failure)
Confirm with . or Enter, or press ? or * to list all spells.
You create a snake!
You now have 20 arrows.
Your ball python bites the worm but does no damage.
Your ball python barely misses the worm.
Casting: Sticks to Snakes (safe; 14% risk of failure)
Confirm with . or Enter, or press ? or * to list all spells.
You turn into a venomous arachnid creature.
You are feeling hungry.
Your ball python bites the worm.
Your ball python grabs the worm.
Your ball python constricts the worm.
The worm misses your ball python.
You swap places.
Your ball python loses its grip on the worm.
You bite the worm!
The worm is poisoned.
The worm is heavily wounded.
The worm bites you!
You die...

####...# #.##########
###...######.#........#
#...%...#......######.#
#.........##.###
#......w####.###
#.#....## #...# #..†.#
###.# ##.#.# ###w###
.....# #..Ss.# ........
#.....# #.#######.
#.....# # .# #.....# #
#.....# #######


You could see a worm and a friendly ball python.

Vanquished Creatures
  5 adders (D:2)
  A worm (D:2)
  A dart slug (D:1)
  2 leopard geckos (D:1)
  A giant cockroach (D:1)
  5 goblins
  5 hobgoblins (D:1)
  3 jackals (D:1)
  2 quokkas (D:2)
  A ball python (D:1)
  A bat (D:2)
  A frilled lizard (D:1)
  6 kobolds
  2 rats
36 creatures vanquished.

Vanquished Creatures (collateral kills)
  An adder (D:2)
  A bat (D:2)
2 creatures vanquished.

Grand Total: 38 creatures vanquished

Notes
Turn   | Place    | Note
-------+----------+-------------------------------------------
     0 | D:1      | blubbertyp the Octopode Transmuter began the quest for the Orb.
     0 | D:1      | Reached XP level 1. HP: 13/13 MP: 3/3
   143 | D:1      | Reached XP level 2. HP: 18/18 MP: 5/5
   453 | D:1      | Reached skill level 4 in Unarmed Combat
   654 | D:1      | Reached XP level 3. HP: 19/23 MP: 6/6
  1064 | D:2      | Learned a level 2 spell: Sticks to Snakes
  1068 | D:2      | Learned a level 3 spell: Spider Form
  1364 | D:2      | Reached XP level 4. HP: 5/28 MP: 2/7
  1728 | D:2      | Reached skill level 5 in Unarmed Combat
  1904 | D:2      | Slain by a worm

Vault maps used:
D:1:      grunt_arrival_lava_bath
D:2:      first_ration, tgw_xom

Skill      XL: |  1  2  3  4 |
---------------+-------------+-----
Unarmed Combat | 4 5 |  5.2
Fighting       | |  1.0
Dodging        | |  2.0
Spellcasting   | |  2.0
Transmutations | |  2.0

Action                   |  1- 3 |  4- 6 || total
-------------------------+-------+-------++-------
Melee: Unarmed           |    77 |    21 ||    98
       Constrict         |    19 |     2 ||    21
       Tentacles         |     8 |     5 ||    13
       Punch             |     1 |       ||     1
 Cast: Sticks to Snakes  |     1 |     4 ||     5
       Spider Form       |       |     1 ||     1
 Stab: Sleeping          |     5 |     2 ||     7
  Eat: Chunk             |     1 |     2 ||     3
Armor: Skin              |     6 |     1 ||     7
Dodge: Dodged            |    39 |    17 ||    56

Table legend:
 A = Spawn XP
 B = Non-spawn XP
 C = Spawn XP percentage of total XP
 D = Spawn monster count
 E = Non-spawn monster count
 F = Spawn count percentage of total count
 G = Total turns spent on level
                    A         B        C        D         E        F      G
               +---------+---------+-------+---------+---------+-------+---------
         Total |       0 |     135 |   0.0 |       0 |      38 |   0.0 |  1904
               +---------+---------+-------+---------+---------+-------+---------
           D:1 |       0 |      44 |   0.0 |       0 |      23 |   0.0 |  1303
           D:2 |       0 |      91 |   0.0 |       0 |      15 |   0.0 |   601
               +---------+---------+-------+---------+---------+-------+---------
